 Dungeon Crawl Stone Soup version 0.27.0-1-g7a089689b8 (webtiles) character file.

Game seed: 11197274892394917989

64 ZARRMARR the Chopper (level 4, -1/41 HPs)
             Began as a Hill Orc Monk on Aug 10, 2021.
             Was a Believer of Beogh.
             Slain by an ice beast (9 damage)
             ... on level 3 of the Dungeon.
             The game lasted 00:10:51 (2215 turns).

ZARRMARR the Chopper (Hill Orc Monk)                Turns: 2215, Time: 00:10:52

Health: -1/41      AC:  2    Str: 14    XL:     4   Next: 12%
Magic:  4/4        EV: 12    Int: 10    God:    Beogh [**....]
Gold:   53         SH:  0    Dex: 13    Spells: 3/3 levels left

rFire    . . .     SeeInvis .   a - +0 hand axe
rCold    . . .     Faith    .   (no shield)
rNeg     . . .     Spirit   .   b - +0 robe
rPois    .         Reflect  .   (no helmet)
rElec    .         Harm     .   (no cloak)
rCorr    .         Rampage  .   (no gloves)
Will     .....                  (no boots)
Stlth    ++........             (no amulet)
HPRegen  0.13/turn              (no ring)
MPRegen  0.09/turn              (no ring)

@: no status effects
A: no striking features
a: Renounce Religion, Smiting


You were on level 3 of the Dungeon.
You worshipped Beogh.
Beogh was pleased with you.
You visited 1 branch of the dungeon, and saw 3 of its levels.

You collected 53 gold pieces.

Inventory:

Hand Weapons
 a - a +0 hand axe (weapon)
 h - a +0 club
Missiles
 l - 63 stones (quivered)
Armour
 b - a +0 robe (worn)
Jewellery
 f - an amulet of magic regeneration
Wands
 j - a wand of acid (7)
Scrolls
 i - a scroll of amnesia {unknown}
 n - 2 scrolls of vulnerability {unknown}
 o - a scroll of enchant armour {unknown}
Potions
 d - a potion of haste {unknown}
 e - a potion of curing {unknown}
 g - a potion of lignification {unknown}
 k - 2 potions of brilliance {unknown}
 m - a potion of ambrosia {unknown}


   Skills:
 + Level 4.5 Fighting
 + Level 4.9 Axes
 + Level 2.6 Dodging
 + Level 2.1 Stealth


You had 3 spell levels left.
You didn't know any spells.
Your spell library contained the following spells:

 Spells                   Type           Power      Damage    Failure   Level
 Sublimation of Blood     Necr           0%         N/A       50%         2
 Wereblood                Tmut           0%         N/A       50%         2
 Summon Hydra             Summ           0%         N/A       100%        7


Dungeon Overview and Level Annotations

Branches:
Dungeon (3/15)

Altars:

Shops:
D:3 =


Message History

The ice beast is moderately wounded.
The ice beast hits you. The ice beast freezes you!
* * * LOW HITPOINT WARNING * * *
You hit the ice beast but do no damage.
The ice beast is moderately wounded.
The ice beast barely misses you.
Unknown command.
You feel much better.
The ice beast hits you but does no damage.
You hit the ice beast.
The ice beast is moderately wounded.
The ice beast hits you. The ice beast freezes you!
You hit the ice beast but do no damage.
The ice beast is moderately wounded.
The ice beast hits you. The ice beast freezes you!
* * * LOW HITPOINT WARNING * * *
You feel much better. The ice beast hits you. The ice beast freezes you.
You hit the ice beast.
The ice beast is heavily wounded.
The ice beast hits you. The ice beast freezes you!
You closely miss the ice beast.
The ice beast is heavily wounded.
The ice beast hits you. The ice beast freezes you.
* * * LOW HITPOINT WARNING * * *
You feel much better.
A ball python comes into view.
The ice beast closely misses you.
You closely miss the ice beast.
The ice beast is heavily wounded.
The ice beast hits you. The ice beast freezes you!
You barely miss the ice beast.
The ice beast is heavily wounded.
The ice beast hits you. The ice beast freezes you!
* * * LOW HITPOINT WARNING * * *
You hit the ice beast.
The ice beast is heavily wounded.
The ice beast hits you.
* * * LOW HITPOINT WARNING * * *
The ice beast freezes you!
You die...

..............
#.....(....#
#...S.(...#
#.........#
#.........#
#........#
##.K....##
##Y##### #@#
#.# #.# #.#
#.# #.# #.#
#.# #.#


You could see an ice beast, a ball python and a kobold.

Vanquished Creatures
  2 adders
  A worm (D:2)
  A dart slug (D:1)
  6 bats
  2 endoplasms (D:1)
  A giant cockroach (D:1)
  4 kobolds (D:1)
  6 quokkas (D:1)
  5 ball pythons
  5 frilled lizards
  7 goblins
  3 rats
43 creatures vanquished.

Vanquished Creatures (others)
  An orc (D:2)
1 creature vanquished.

Grand Total: 44 creatures vanquished

Notes
Turn   | Place    | Note
-------+----------+-------------------------------------------
     0 | D:1      | ZARRMARR the Hill Orc Monk began the quest for the Orb.
     0 | D:1      | Reached XP level 1. HP: 19/19 MP: 1/1
   219 | D:1      | Found a faded altar of an unknown god.
   249 | D:1      | Reached XP level 2. HP: 15/27 MP: 2/2
   623 | D:1      | Reached XP level 3. HP: 33/33 MP: 3/3
  1122 | D:2      | Became a worshipper of Beogh the Brigand
  1122 | D:2      | Reached * piety under Beogh
  1122 | D:2      | Reached ** piety under Beogh
  2182 | D:3      | Found Najibo Nafen's Jewellery Emporium.
  2192 | D:3      | Noticed an ice beast
  2193 | D:3      | Reached XP level 4. HP: 37/41 MP: 4/4
  2215 | D:3      | Slain by an ice beast

Illustrated notes

Levels and vault maps discovered:
D:1:      dpeg_arrival_windows_large_door, layout_loops_ring,
          basic_ecumenical_altar
D:2:      layout_basic
D:3:      layout_rooms, dk_yredelemnul_ordeal, serial_shops, shop_fountains,
          shop, shop, shop, grunt_ministairs_4, kennysheep_generic_room_11

Skill      XL: |  1  2  3 |
---------------+----------+-----
Fighting       | 4 |  4.5
Stealth        | 2 |  2.1
Axes           | |  4.9
Dodging        | |  2.6

Action                   |  1- 3 |  4- 6 || total
-------------------------+-------+-------++-------
Melee: Hand axe          |   108 |    18 ||   126
Throw: Stone             |     7 |       ||     7
Invok: Convert to Beogh  |     1 |       ||     1
  Use: Scroll            |     4 |       ||     4
       Potion            |       |     3 ||     3
 Stab: Sleeping          |     8 |       ||     8
Armor: Robe              |     9 |     3 ||    12
Dodge: Dodged            |    64 |     8 ||    72
